 Dungeon Crawl Stone Soup version 0.16-a0-324-g99bef82 (webtiles) character file.

1787 PolkaDot the Summoner (level 8, -1/52 HPs)
             Began as a Vampire Summoner on Sept 3, 2014.
             Was a Priest of Sif Muna.
             Slain by a killer bee (9 damage)
             ... on Level 8 of the Dungeon.
             The game lasted 00:46:12 (7867 turns).

PolkaDot the Summoner (Vampire Summoner)            Turns: 7867, Time: 00:46:15

HP  -1/52        AC  6     Str 12      XL: 8   Next: 82%
MP   1/17        EV 12     Int 19      God: Sif Muna [***...]
Gold 299         SH  0     Dex 14      Spells:  4 memorised,  1 level left

rFire  . . .     SeeInvis +     g - +2 trident (freeze)
rCold  + . .     Clarity  .     G - +1 robe {rC+}
rNeg   + . .     rCorr    .     (no shield)
rPois  .         rRot     .     (no helmet)
rElec  .         Spirit   .     m - +2 cloak
SustAb .         Warding  .     (no gloves)
rMut   .         Stasis   .     (no boots)
Gourm  .                        B - cursed amulet of inaccuracy
MR     .....                    (no ring)
                                F - ring of teleport control

@: mighty, lethally poisoned, very slightly contaminated, not resistant to
hostile enchantments, unstealthy
A: bottle blood, fangs 3, see invisible, unbreathing
a: Bat Form, Bottle Blood, Channel Energy, Forget Spell, Renounce Religion,
Evoke Teleport Control


You were on level 8 of the Dungeon.
You worshipped Sif Muna.
Sif Muna was most pleased with you.
You were not thirsty.

You visited 1 branch of the dungeon, and saw 8 of its levels.

You collected 299 gold pieces.

Inventory:

Hand weapons
 g - a +2 trident of freezing (weapon)
 o - a +0 quarterstaff
Missiles
 l - 2 throwing nets (quivered)
Armour
 m - a +2 cloak (worn)
 G - a +1 robe of cold resistance (worn)
Magical devices
 a - a wand of heal wounds (6) {unknown}
 u - a wand of slowing (23)
 C - a wand of polymorph (14)
 D - a wand of flame (6)
 E - a wand of magic darts (17)
Scrolls
 c - 2 scrolls of remove curse {unknown}
 h - a scroll of teleportation {unknown}
 j - 3 scrolls of recharging
 k - 2 scrolls of enchant armour
 p - a scroll of fog {unknown}
 q - a scroll of fear {unknown}
 s - 2 scrolls of identify {unknown}
 x - a scroll of magic mapping {unknown}
 y - a scroll of noise {unknown}
 A - a scroll of silence {unknown}
Jewellery
 B - a cursed amulet of inaccuracy (around neck)
 F - a ring of teleport control (left hand)
Potions
 d - a potion of resistance {unknown}
 f - 4 potions of cancellation
 i - a potion of might
 n - a potion of brilliance {unknown}
 r - 3 potions of restore abilities
 t - a potion of haste {unknown}
 z - a potion of lignification {unknown}
Books
 b - a book of Callings

   Spells                             Type                      Level
   Summon Small Mammal                Summoning                    1
   *Call Imp                          Summoning                    2
   *Call Canine Familiar              Summoning                    3
   *Summon Guardian Golem             Hexes/Summoning              4
   Summon Lightning Spire             Summoning/Air                4
   *Summon Ice Beast                  Ice/Summoning                4
 w - a book of Party Tricks

   Spells                             Type                      Level
   Summon Butterflies                 Summoning                    1
   Apportation                        Translocation                1
   Blink                              Translocation                2
   Tukima's Dance                     Hexes                        3
   Alistair's Intoxication            Transmutation/Poison         4


   Skills:
 - Level 2.1 Dodging
 - Level 3.0 Stealth
 - Level 3.5 Spellcasting
 + Level 5.0 Hexes
 * Level 9.5 Summonings
 - Level 5.4 Ice Magic


You had one spell level left.
You knew the following spells:

 Your Spells              Type           Power        Failure   Level  Hunger
d - Call Canine Familiar  Summ           #####...     1%          3    ###....
g - Summon Guardian Gole  Hex/Summ       ####....     10%         4    ####...
i - Summon Ice Beast      Ice/Summ       ####....     10%         4    ####...
s - Call Imp              Summ           #####...     1%          2    ##.....


Dungeon Overview and Level Annotations

Branches:
Dungeon (8/15)             Temple (0/1) D:6
   Lair: D:8-11

Altars:
Elyvilon
Fedhas
Nemelex Xobeh
Qazlal
Sif Muna
Trog
Xom

Shops:
D:4 ?


Innate Abilities, Weirdness & Mutations

You can bottle blood from corpses.
You have razor-sharp teeth.
You have supernaturally acute eyesight.
You can survive without breathing.


Message History

You feel better.
The killer bee rages.
Your wolf closely misses the killer bee.
Something closely misses your wolf.
Your crimson imp closely misses the killer bee.
Read which item? (? for menu, Esc to quit)
Okay, then.
Drink which item? (? for menu, Esc to quit)
You feel refreshed.
It was a potion of restore abilities.
The killer bee misses you.
You hear an angry buzzing noise.
Your crimson imp hits the killer bee.
The killer bee stings your wolf.
Drink which item? (? for menu, Esc to quit)
You feel very mighty all of a sudden.
It was a potion of might.
The killer bee stings you!
* * * LOW HITPOINT WARNING * * *
You are poisoned.
The killer bee poisons you! The killer bee barely misses you.
The killer bee stings you!
You die...

#.................
###......#.......#
#.#.....(#.....))#
#.#......#######[###
###.#).....# #(#..
#..........# #.).#
######.#.#.#....########..#
.........y.................
#####..#.#@##.#.#######..##
#..#.#y##.#.#######...# #.
#.#y##.............. #.
#.#y####.########... #
#.#y# #.# ##.# #.
#.#.####.# #..
#$.#..h5....# ##.
#....y.)...###########.
#...##yy.##...##....##..


You could see a queen bee, 7 killer bees, a friendly wolf and a friendly crimson
imp.

Vanquished Creatures
  A phantom (D:4)
  2 scorpions
  A wight (D:7)
  A hound (D:6)
  3 worker ants
  3 orc wizards
  A hound skeleton (D:6)
  3 gnolls (D:2)
  6 adders
  A shadow imp (D:4)
  3 worms
  4 giant geckos
  15 orcs
  4 ball pythons
  14 bats
  A bat zombie (D:7)
  5 giant cockroaches
  6 hobgoblins
  A quokka (D:2)
  5 giant newts
  10 goblins
  9 jackals
  12 kobolds
  2 kobold skeletons
  7 rats
  A ballistomycete (D:7)
121 creatures vanquished.

Vanquished Creatures (collateral kills)
  Joseph (D:7)
  A spatial vortex (D:7)
  A hippogriff (D:8)
  The ghost of Qrupt the Slasher, an average HEGl (D:5)
  An ice beast (D:7)
  3 ogres
  A phantom (D:7)
  Sigmund (D:6)
  A giant frog (D:7)
  A scorpion (D:5)
  7 wights (D:7)
  2 crimson imps
  4 killer bees (D:8)
  A goliath beetle (D:8)
  3 hounds
  A jelly (D:5)
  2 orc priests
  3 orc wizards
  2 worker ants
  Natasha (thrice) (D:6)
  4 iguanas
  A big kobold zombie (D:6)
  An ogre skeleton (D:4)
  Terence (D:2)
  2 adders
  6 gnolls
  A shadow imp (D:6)
  A white imp (D:6)
  A worm (D:3)
  An iguana skeleton (D:8)
  4 giant geckos
  11 orcs
  A giant cockroach (D:8)
  5 hobgoblins
  4 jackals
  A ball python (D:6)
  4 bats
  2 giant newts
  A giant newt skeleton (D:4)
  A giant spore (D:7)
  2 goblins (D:4)
  A hobgoblin skeleton (D:8)
  6 kobolds
  2 rats
  A rat skeleton (D:6)
  A ballistomycete (D:7)
106 creatures vanquished.

Vanquished Creatures (others)
  A wizard (D:6)
  A wolf (D:8)
  2 guardian golems (D:7)
  4 ice beasts
  7 crimson imps
  7 hounds
  An iron imp (D:6)
  2 white imps
  2 shadow imps (D:7)
  A bat (D:1)
  A quokka (D:1)
29 creatures vanquished.

Grand Total: 256 creatures vanquished

Notes
Turn   | Place    | Note
--------------------------------------------------------------
     0 | D:1      | PolkaDot, the Vampire Summoner, began the quest for the Orb.
     0 | D:1      | Reached XP level 1. HP: 13/13 MP: 3/3
   400 | D:1      | Reached XP level 2. HP: 16/19 MP: 4/4
   405 | D:1      | Learned a level 2 spell: Call Imp
   944 | D:2      | Found a bloodstained altar of Trog.
   949 | D:2      | Noticed Terence
   958 | D:2      | Killed Terence
   958 | D:2      | Reached skill level 5 in Summonings
   958 | D:2      | Reached XP level 3. HP: 8/24 MP: 0/6
  1016 | D:2      | Found a shimmering altar of Xom.
  1141 | D:2      | Learned a level 3 spell: Call Canine Familiar
  1153 | D:2      | Found a sparkling altar of Nemelex Xobeh.
  1204 | D:2      | Reached XP level 4. HP: 17/30 MP: 8/8
  2163 | D:2      | Found a deep blue altar of Sif Muna.
  2169 | D:2      | Became a worshipper of Sif Muna the Loreminder
  2627 | D:3      | Reached XP level 5. HP: 35/35 MP: 11/11
  2905 | D:3      | Learned a level 4 spell: Summon Ice Beast
  3007 | D:3      | Reached skill level 1 in Ice Magic
  3375 | D:4      | Reached XP level 6. HP: 41/41 MP: 13/13
  3387 | D:4      | Noticed an ogre
  3394 | D:4      | Killed an ogre
  3413 | D:4      | Noticed a phantom
  3434 | D:4      | Noticed an ogre
  3496 | D:4      | Killed an ogre
  3496 | D:4      | Acquired Sif Muna's first power
  3505 | D:4      | Killed a phantom
  3674 | D:4      | Reached skill level 5 in Ice Magic
  3690 | D:4      | HP: 2/41 [poisoned by a worker ant]
  3850 | D:4      | Reached XP level 7. HP: 46/46 MP: 10/15
  3858 | D:4      | Found Smoihiang's Magic Scroll Emporium.
  4244 | D:5      | Entered Level 5 of the Dungeon
  4275 | D:5      | Noticed Qrupt's ghost (average HEGl)
  4286 | D:5      | Killed Qrupt's ghost
  4286 | D:5      | Reached skill level 6 in Summonings
  4997 | D:6      | Found a bloodstained altar of Trog.
  4998 | D:6      | Noticed a wizard
  5004 | D:6      | Killed a wizard
  5063 | D:6      | Found a white marble altar of Elyvilon.
  5121 | D:6      | Found a staircase to the Ecumenical Temple.
  5123 | D:6      | Noticed an air elemental
  5125 | D:6      | Found a stormy altar of Qazlal.
  5126 | D:6      | Noticed a fire elemental
  5126 | D:6      | Noticed a water elemental
  5136 | D:6      | Noticed Natasha
  5138 | D:6      | Reached skill level 7 in Summonings
  5146 | D:6      | Killed Natasha
  5183 | D:6      | Acquired Sif Muna's second power
  5237 | D:6      | Noticed Natasha
  5252 | D:6      | Killed Natasha
  5502 | D:6      | Noticed Natasha
  5503 | D:6      | Noticed Sigmund
  5508 | D:6      | Killed Natasha
  5521 | D:6      | Killed Sigmund
  5722 | D:6      | Reached XP level 8. HP: 48/52 MP: 17/17
  5728 | D:6      | Learned a level 4 spell: Summon Guardian Golem
  5779 | D:7      | Reached skill level 1 in Hexes
  5785 | D:7      | Reached skill level 8 in Summonings
  6027 | D:7      | Found a blossoming altar of Fedhas.
  6240 | D:7      | Noticed Joseph
  6258 | D:7      | Killed Joseph
  7238 | D:8      | Reached skill level 9 in Summonings
  7851 | D:8      | Noticed a queen bee
  7857 | D:8      | Reached skill level 5 in Hexes
  7867 | D:8      | Slain by a killer bee

Action                   |  1- 3 |  4- 6 |  7- 9 || total
-------------------------+-------+-------+-------++-------
Melee: Unarmed           |    49 |       |       ||    49
       Short sword       |    36 |       |       ||    36
       Trident           |    32 |   177 |   194 ||   403
Throw: Throwing net      |       |       |     1 ||     1
 Cast: Summon Small Mamm |    17 |     1 |       ||    18
       Call Imp          |     2 |    18 |    41 ||    61
       Call Canine Famil |     1 |     8 |    24 ||    33
       Summon Ice Beast  |       |     2 |    33 ||    35
       Summon Guardian G |       |       |     3 ||     3
Invok: Channel Energy    |       |       |   109 ||   109
 Abil: Bottle Blood      |       |       |     8 ||     8
Evoke: Wand              |       |       |     2 ||     2
  Use: Potion            |     1 |     3 |    12 ||    16
       Scroll            |       |       |     8 ||     8
 Stab: Sleeping          |     3 |     6 |     3 ||    12
       Distracted        |     1 |     3 |     3 ||     7
  Eat: Corpse            |    12 |    24 |    27 ||    63
